 Dungeon Crawl Stone Soup version 0.28.0-62-gf88900778d (webtiles) character file.

Game seed: 15232537420665596530

2810 Froggeryz the Fighter (level 9, -2/105 HPs)
             Began as an Ogre Berserker on Dec 26, 2023.
             Was a Believer of Trog.
             Slain by an orc wizard
             ... wielding a +0 morningstar
              (10 damage)
             ... on level 5 of the Dungeon.
             The game lasted 00:07:41 (6824 turns).

Froggeryz the Fighter (Ogre Berserker)              Turns: 6824, Time: 00:07:42

Health: -2/105     AC:  3    Str: 22 (25) XL:     9   Next: 72%
Magic:  9/9        EV: 11    Int: 11 (14) God:    Trog [**....]
Gold:   202        SH:  0    Dex:  9 (10) Spells: 8/8 levels left

rFire   . . .      SeeInvis .   p - +0 flail
rCold   . . .      Faith    .   (no shield)
rNeg    . . .      Spirit   .   b - +0 animal skin
rPois   .          Reflect  .   (helmet restricted)
rElec   .          Harm     .   (no cloak)
rCorr   .          Rampage  .   (gloves unavailable)
Will    .....                   (boots unavailable)
Stlth   +.........              (no amulet)
HPRegen 0.27/turn               c - +6 ring of intelligence
MPRegen 0.11/turn               (no ring)

@: confused, brilliant, attractive
A: large, unfitting armour, tough skin 1
a: Renounce Religion, Berserk, Trog's Hand


You were on level 5 of the Dungeon.
You worshipped Trog.
Trog was pleased with you.
You visited 1 branch of the dungeon, and saw 5 of its levels.
You also visited: Ossuary.

You collected 202 gold pieces.

Inventory:

Hand Weapons
 h - a +0 giant spiked club
 p - a +0 flail (weapon)
Missiles
 f - 2 boomerangs (quivered)
 r - 8 atropa-tipped darts
Armour
 b - a +0 animal skin (worn)
Jewellery
 c - a +6 ring of intelligence (left hand)
Wands
 s - a wand of paralysis (12)
Scrolls
 d - 2 scrolls of blinking
 g - 2 scrolls of vulnerability
 i - a scroll of enchant weapon {unknown}
 j - a scroll of magic mapping
 m - 3 scrolls of summoning
 n - 3 scrolls of identify
 t - 2 scrolls of fear
Potions
 e - 3 potions of resistance
 k - a potion of lignification
 o - a potion of brilliance
 u - a potion of berserk rage {unknown}


   Skills:
 + Level 11.0 Fighting
 * Level 10.6 Maces & Flails
 + Level 5.8 Throwing
 - Level 5.3 Dodging


You had 8 spell levels left.
You didn't know any spells.
Your spell library was empty.

Dungeon Overview and Level Annotations

Branches:
Dungeon (5/15)            Ossuary (visited)
 Temple: D:4-7

Altars:
Elyvilon
Trog


Innate Abilities, Weirdness & Mutations

You are too large for most types of armour.
You have tough skin. (AC +1)


Message History

You miss something.
You hear a zap.
Something tries to affect you, but you resist.
You hit something.
You hear some strange, mumbled words.
A magic dart appears from out of thin air!
The magic dart hits you.
* * * LOW HITPOINT WARNING * * *
You miss something.
You hear some strange, mumbled words.
You are confused.
You are too confused!
It was a potion of brilliance.
You feel clever all of a sudden.
You hear some strange, mumbled words.
A puff of flame appears from out of thin air!
The puff of flame hits you!
* * * LOW HITPOINT WARNING * * *
It was a potion of experience.
You feel more experienced!
Your Fighting skill gained 3 levels and is now at level 11!
Your Maces & Flails skill gained 3 levels and is now at level 10!
Your Throwing skill gained 5 levels and is now at level 5!
You have reached level 9!
Your experience leads to an increase in your attributes!
Your base attributes are Str 24, Int 8, Dex 8.
Increase (S)trength, (I)ntelligence, or (D)exterity?
You feel agile. x2; You feel stronger. Something hits you but does no damage.
It was a potion of degeneration.
There was something very wrong with that liquid.
You feel weakened.
You feel dopey.
You feel clumsy.
You hear some strange, mumbled words.
A magic dart appears from out of thin air!
The magic dart hits you!
* * * LOW HITPOINT WARNING * * *
It was a potion of attraction.
You feel attractive to monsters. Something hits you!
You die...

#...###.....
#.......##
###....# #.[.#
##.#.##
.######....รท#
..........[.#
#######..####
#..<@{.# #...)..#
#[.(...#
#......########
#.........[..>..
#.#......########
###......#
#......# #......#


There were no monsters in sight!

Vanquished Creatures
  Grinder (D:4)
  Duvessa (D:5)
  A water moccasin (D:4)
  An orc warrior (D:4)
  An ogre (D:5)
  A scorpion (D:4)
  Dowan (D:5)
  A howler monkey (D:4)
  6 centaur zombies (Ossuary)
  An orc priest (D:3)
  A centaur skeleton (D:5)
  A bullfrog skeleton (D:5)
  2 iguanas (D:4)
  4 orc wizards
  6 mummies (Ossuary)
  7 gnolls
  3 adders
  An adder skeleton (D:4)
  5 dart slugs
  9 orcs
  6 bats
  4 endoplasms
  3 giant cockroaches
  8 goblins
  4 hobgoblins
  3 jackals (D:1)
  4 kobolds
  7 quokkas
  5 ball pythons
  6 frilled lizards
  5 rats
109 creatures vanquished.

Vanquished Creatures (others)
  An endoplasm (D:3)
  A rat (D:3)
2 creatures vanquished.

Grand Total: 111 creatures vanquished

Notes
Turn   | Place    | Note
-------+----------+-------------------------------------------
     0 | D:1      | Froggeryz the Ogre Berserker began the quest for the Orb.
     0 | D:1      | Reached XP level 1. HP: 24/24 MP: 1/1
   225 | D:1      | Reached XP level 2. HP: 27/32 MP: 2/2
   905 | D:1      | Reached XP level 3. HP: 36/40 MP: 3/3
  1285 | D:1      | Reached ** piety under Trog
  1599 | D:2      | Found a faded altar of an unknown god.
  2025 | D:2      | Reached XP level 4. HP: 43/49 MP: 4/4
  2711 | D:3      | Reached skill level 5 in Fighting
  3043 | D:3      | Found a bloodstained altar of Trog.
  3057 | D:3      | Reached XP level 5. HP: 38/57 MP: 5/5
  3462 | D:3      | Found a white marble altar of Elyvilon.
  3871 | D:4      | Noticed a water moccasin
  3878 | D:4      | Killed a water moccasin
  3879 | D:4      | Reached XP level 6. HP: 50/67 MP: 6/6
  3962 | D:4      | Noticed Grinder
  3972 | D:4      | Killed Grinder
  3973 | D:4      | Reached skill level 6 in Fighting
  3973 | D:4      | Reached skill level 5 in Maces & Flails
  3973 | D:4      | Reached XP level 7. HP: 75/75 MP: 7/7
  4068 | D:4      | Found a sand-covered staircase.
  4075 | Ossuary  | Entered an ossuary
  4449 | Ossuary  | Reached skill level 7 in Fighting
  4449 | Ossuary  | Reached XP level 8. HP: 21/87 MP: 8/8
  5631 | D:5      | Entered Level 5 of the Dungeon
  5658 | D:5      | Noticed Dowan
  5658 | D:5      | Noticed Duvessa
  5678 | D:5      | Killed Duvessa
  5679 | D:5      | Reached skill level 5 in Dodging
  5681 | D:5      | Killed Dowan
  6530 | D:5      | Paralysed by an orc wizard for 2 turns
  6810 | D:5      | Reached skill level 8 in Fighting
  6822 | D:5      | Reached skill level 11 in Fighting
  6822 | D:5      | Reached skill level 10 in Maces & Flails
  6822 | D:5      | Reached skill level 5 in Throwing
  6822 | D:5      | Reached XP level 9. HP: 15/105 MP: 9/9
  6824 | D:5      | Slain by an orc wizard

Illustrated notes

Levels and vault maps discovered:
D:1:      saegor_arrival_simple_a, layout_basic, nrook_loot_triangle
D:2:      cheibrodos_helix_gallery, layout_rooms,
          shapermc_ecumenical_altar_acropolis
D:3:      layout_basic, overflow_temple_1_default, elyvilon_altar_4
D:4:      layout_rooms, nicolae_ossuary_entry_monument, st_stairs_10,
          uniq_grinder
D:5:      layout_rooms, minmay_temple_entry_glass, grunt_decor_arrowhead,
          uniq_duvessa

Skill      XL: |  1  2  3  4  5  6  7  8 |
---------------+-------------------------+-----
Maces & Flails | 3 4 5 6 10 | 10.6
Dodging        | 3 4 5 |  5.3
Fighting       | 5 6 7 11 | 11.0
Throwing       | 5 |  5.8

Action                   |  1- 3 |  4- 6 |  7- 9 || total
-------------------------+-------+-------+-------++-------
Melee: Mace              |   133 |    40 |       ||   173
       Punch             |     2 |     1 |     2 ||     5
       Flail             |       |    73 |   177 ||   250
Throw: Dart              |       |       |     7 ||     7
Invok: Berserk           |       |     3 |     5 ||     8
       Trog's Hand       |       |     1 |     4 ||     5
  Use: Potion            |       |     1 |     5 ||     6
       Scroll            |       |       |     8 ||     8
Armor: Animal skin       |    54 |    23 |    60 ||   137
Dodge: Dodged            |   109 |    59 |   126 ||   294
